 Dungeon Sprint DCSS version 0.23.2-40-g277498a001 (webtiles) character file.

Game seed: 13163189028346307162

833 Groucho the Blocker (level 7, 0/73 HPs)
             Began as a Minotaur Fighter on Aug 22, 2019.
             Was a Believer of Dithmenos.
             Slain by a brown ugly thing (15 damage)
             ... in the Dungeon (Sprint IX: "|||||||||||||||||||||||||||||").
             The game lasted 00:02:23 (774 turns).

Groucho the Blocker (Minotaur Fighter)               Turns: 774, Time: 00:02:23

Health: 0/73       AC:  0    Str: 24    XL:     7   Next: 66%
Magic:  6/6        EV: 11    Int:  5    God:    Dithmenos [**....]
Gold:   0          SH: 12    Dex: 11    Spells: 6/6 levels left

rFire    . . .     SeeInvis .   a - +0 long sword
rCold    . . .     Gourm    .   c - +0 shield
rNeg     . . .     Faith    .   r - +2 ring mail
rPois    .         Spirit   .   (helmet restricted)
rElec    .         Reflect  .   p - +0 cloak
rCorr    .         Harm     .   (no gloves)
MR       .....     NoTele   +   q - +0 pair of boots
Stlth    +.........             (no amulet)
HPRegen  0.22/turn              s - +3 ring of strength
MPRegen  0.10/turn              b - +2 ring of evasion

@: corroded, wreathed by umbra
A: retaliatory headbutt, horns 2
a: Shadow Step, Renounce Religion


You were in the Dungeon.
You worshipped Dithmenos.
Dithmenos was pleased with you.
You were not hungry.

You visited 1 branch

Inventory:

Hand Weapons
 a - a +0 long sword (weapon)
Armour
 c - a +0 shield (worn)
 p - a +0 cloak (worn)
 q - a +0 pair of boots (worn)
 r - a +2 ring mail (worn)
Jewellery
 b - a +2 ring of evasion (right hand)
 s - a +3 ring of strength (left hand)
Wands
 o - a wand of iceblast (10)
Scrolls
 k - 2 scrolls of blinking
 m - 3 scrolls of remove curse
 n - 2 scrolls of amnesia
Potions
 d - a potion of might
 e - 5 potions of curing
 h - a potion of haste
 i - 4 potions of magic
 j - a potion of berserk rage
 l - a potion of invisibility
Comestibles
 f - a ration


   Skills:
 + Level 10.7 Fighting
 + Level 10.3 Long Blades
 + Level 10.6 Armour
 + Level 10.7 Shields


You had 6 spell levels left.
You didn't know any spells.
Your spell library was empty.

Dungeon Overview and Level Annotations

Branches:
Dungeon (1/1)

Altars:
Cheibriados
Dithmenos
Elyvilon
Fedhas
Gozag
Hepliaklqana
Kikubaaqudgha
Makhleb
Nemelex Xobeh
Okawaru
Qazlal
Ru
Sif Muna
Trog
Uskayaw
Vehumet
Wu Jian
Xom
Yredelemnul
Zin
The Shining One
Beogh
Jiyva
Lugonu


Innate Abilities, Weirdness & Mutations

You reflexively headbutt those who attack you in melee.
You have a pair of horns on your head.


Message History

You hit the brown ugly thing but do no damage.
The brown ugly thing is heavily wounded.
You barely miss the brown ugly thing.
Your headbutt misses the brown ugly thing.
The brown ugly thing is heavily wounded.
The kobold demonologist looks satisfied for a moment.
The brown ugly thing engulfs you. The acid corrodes you!
You are splashed with acid!
You hit the brown ugly thing but do no damage.
You headbutt the brown ugly thing!
The brown ugly thing is severely wounded.
The brown ugly thing engulfs you!
You are splashed with acid!
* * * LOW HITPOINT WARNING * * *
You hit the brown ugly thing but do no damage.
You headbutt the brown ugly thing, but do no damage.
The brown ugly thing is severely wounded.
You hit the brown ugly thing but do no damage.
The brown ugly thing is severely wounded.
The brown ugly thing engulfs you!
You die...

▓.▓
▓.▓
▓[▓
▓)▓
▓.▓
▓.▓
▓.▓
▓.▓
▓@▓
▓u▓
▓{▓
▓5▓
▓5▓
▓3▓
▓K▓
▓a▓


You could see a brown ugly thing, a kobold demonologist, a neqoxec, a worker
ant, an iron imp and a crimson imp.

Vanquished Creatures
  A komodo dragon (D)
  A troll (D)
  A yak (D)
  A howler monkey (D)
  A crimson imp (D)
  A quasit (D)
  A hound (D)
  An orc wizard (D)
  A gnoll (D)
  2 adders (D)
  An adder skeleton (D)
  A leopard gecko (D)
  A goblin (D)
  A hobgoblin (D)
  A kobold (D)
  A frilled lizard (D)
  A rat (D)
18 creatures vanquished.

Notes
Turn   | Place    | Note
-------+----------+-------------------------------------------
     0 | D        | Groucho the Minotaur Fighter began the quest for the Orb.
     0 | D        | Reached XP level 1. HP: 19/19 MP: 0/0
    26 | D        | Noticed a hound
    28 | D        | Killed a hound
    28 | D        | Reached skill level 5 in Fighting
    28 | D        | Reached skill level 5 in Armour
    28 | D        | Reached skill level 5 in Shields
    28 | D        | Reached XP level 2. HP: 27/29 MP: 1/1
    28 | D        | Reached XP level 3. HP: 34/36 MP: 2/2
    40 | D        | Reached skill level 5 in Long Blades
   354 | D        | Found a roughly hewn altar of Beogh.
   354 | D        | Found a snail-covered altar of Cheibriados.
   354 | D        | Found a shadowy altar of Dithmenos.
   354 | D        | Found a white marble altar of Elyvilon.
   354 | D        | Found a blossoming altar of Fedhas.
   354 | D        | Found an opulent altar of Gozag.
   355 | D        | Found a hazy altar of Hepliaklqana.
   356 | D        | Found a viscous altar of Jiyva.
   357 | D        | Found an ancient bone altar of Kikubaaqudgha.
   358 | D        | Found a corrupted altar of Lugonu.
   359 | D        | Found a burning altar of Makhleb.
   360 | D        | Found a sparkling altar of Nemelex Xobeh.
   361 | D        | Found an iron altar of Okawaru.
   362 | D        | Found a stormy altar of Qazlal.
   363 | D        | Found a sacrificial altar of Ru.
   364 | D        | Found a deep blue altar of Sif Muna.
   365 | D        | Found a bloodstained altar of Trog.
   366 | D        | Found a hide-covered altar of Uskayaw.
   367 | D        | Found a radiant altar of Vehumet.
   368 | D        | Found an ornate altar of the Wu Jian Council.
   369 | D        | Found a shimmering altar of Xom.
   370 | D        | Found a basalt altar of Yredelemnul.
   371 | D        | Found a glowing silver altar of Zin.
   372 | D        | Found a glowing golden altar of the Shining One.
   401 | D        | Became a worshipper of Dithmenos the Shadowed
   465 | D        | Noticed a troll
   465 | D        | Noticed a yak
   473 | D        | Killed a troll
   473 | D        | Reached XP level 4. HP: 14/49 MP: 3/3
   473 | D        | Reached XP level 5. HP: 16/56 MP: 4/4
   473 | D        | Reached XP level 6. HP: 18/62 MP: 5/5
   491 | D        | Killed a yak
   491 | D        | Reached * piety under Dithmenos
   508 | D        | Reached ** piety under Dithmenos
   508 | D        | Reached XP level 7. HP: 43/71 MP: 6/6
   744 | D        | Noticed a komodo dragon
   744 | D        | Noticed a brown ugly thing
   744 | D        | Noticed a kobold demonologist
   752 | D        | Killed a komodo dragon
   752 | D        | Reached skill level 10 in Fighting
   752 | D        | Reached skill level 10 in Long Blades
   752 | D        | Reached skill level 10 in Armour
   752 | D        | Reached skill level 10 in Shields
   757 | D        | Noticed a neqoxec
   774 | D        | Slain by a brown ugly thing

Skill      XL: |  1  2  3  4  5  6  7 |
---------------+----------------------+-----
Fighting       | 5 8 9 10 | 10.7
Armour         | 5 8 9 10 | 10.6
Shields        | 5 8 9 10 | 10.7
Long Blades    | 4 7 9 10 | 10.3

Action                   |  1- 3 |  4- 6 |  7- 9 || total
-------------------------+-------+-------+-------++-------
Melee: Long sword        |    40 |    33 |    29 ||   102
       Headbutt          |     7 |     5 |     9 ||    21
  Use: Potion            |     1 |     1 |     1 ||     3
Armor: Scale mail        |    10 |       |       ||    10
       Ring mail         |     3 |    14 |     5 ||    22
Dodge: Dodged            |    21 |    11 |     6 ||    38
Block: Shield            |    21 |    20 |     9 ||    50
       Rpst.: Long sword |     8 |     4 |     2 ||    14
